Map: Efflorescence LE

Players

Silvisor - Winner!

  • Race: Terran Terran
  • League: Master
  • Spawn Location: 6:00

WolfFire - Winner!

  • Race: Zerg Zerg
  • League: Master
  • Spawn Location: 9:00

qqq

  • Race: Protoss Protoss
  • League: Platinum
  • Spawn Location: 12:00

Massa

  • Race: Terran Terran
  • League: Platinum
  • Spawn Location: 3:00

VOD

Have the link to the VOD?

Description

Time

  • Played on: Dec. 26, 2020, 5:45 a.m.
  • Length: 24:39
Show
View Real Time Build Order
Export as new Build Order

Silvisor Terran - Winner!

Build Orders: Mech 

Get SALT Encoding   

  12  0:02  SCV  
  13  0:14  SCV  
  14  0:18  Supply Depot  
  14  0:26  SCV  
  15  0:39  SCV  
  15  0:41  Barracks  
  16  0:47  Refinery  
  16  0:51  SCV  
  17  1:03  SCV  
  18  1:16  SCV  
  19  1:28  Orbital Command  
  19  1:30  Marine  
  20  1:40  Supply Depot  
  20  1:48  Refinery  
  20  1:52  Marine  
  21  2:07  Factory  
  21  2:11  Marine  
  22  2:16  SCV  
  23  2:28  SCV  
  23  2:29  Marine  
  25  2:39  Supply Depot  
  25  2:40  SCV  
  26  2:52  SCV  
  26  2:53  Factory Tech Lab  
  26  2:54  Starport  
  26  2:55  Barracks Reactor  
  27  3:04  SCV, Supply Depot  
  28  3:15  Siege Tank  
  31  3:25  SCV  
  32  3:28  Supply Depot  
  32  3:34  Marine  
  32  3:35  Marine  
  32  3:37  SCV  
  35  3:46  Viking  
  35  3:47  Siege Tank  
  40  4:03  Command Center  
  40  4:22  Siege Tank  
  40  4:23  Viking  
  45  4:24  SCV  
  46  4:36  SCV  
  47  4:52  SCV  
  48  4:53  Viking  
  48  4:56  Factory  
  50  5:04  SCV  
  50  5:16  SCV  
  49  5:31  Siege Tank  
  49  5:32  Viking  
  46  5:44  Orbital Command, SCV  
  46  5:48  Refinery  
  47  5:51  Factory  
  47  5:57  SCV  
  48  6:02  Viking  
  48  6:04  Hellion x2  
  54  6:09  SCV  
  55  6:12  SCV  
  56  6:19  Refinery  
  56  6:21  SCV  
  56  6:22  Supply Depot  
  56  6:24  SCV  
  58  6:27  Supply Depot  
  58  6:33  SCV  
  58  6:34  Siege Tank  
  58  6:36  Factory Tech Lab, SCV  
  63  6:45  SCV  
  64  6:48  SCV  
  65  7:06  Siege Tank  
  65  7:07  SCV x2  
  70  7:19  SCV x2  
  70  7:21  Viking  
  71  7:25  Widow Mine x2  
  71  7:26  Widow Mine, Refinery, Armory  
  71  7:27  Armory, Command Center  
  76  7:31  Refinery, SCV x2  
  76  7:39  Widow Mine  
  76  7:43  SCV  
  76  7:44  SCV  
  78  7:47  Siege Tank  
  81  7:53  Engineering Bay  
  81  7:55  SCV  
  81  7:56  SCV  
  83  8:06  Starport Reactor  
  83  8:07  SCV  
  83  8:08  SCV  
  85  8:19  SCV  
  86  8:20  SCV  
  82  8:30  Widow Mine x3  
  82  8:31  Widow Mine  
  82  8:33  SCV x2  
  85  8:40  Missile Turret  
  84  8:41  Terran Vehicle Weapons Level 1  
  84  8:42  Terran Vehicle And Ship Armor Level 1  
  84  8:45  SCV x2  
  84  8:48  Orbital Command  
  86  8:51  Thor  
  86  8:52  Widow Mine, Thor  
  100  8:58  SCV  
  99  9:02  Missile Turret  
  99  9:08  Missile Turret  
  97  9:24  Hellion x2  
  101  9:25  Factory  
  101  9:27  Factory  
  101  9:40  Siege Tank  
  100  9:58  SCV  
  101  10:05  SCV x2, Hellion x2, Siege Tank  
  110  10:10  SCV  
  110  10:13  Siege Tank  
  114  10:15  Factory Tech Lab  
  114  10:16  Factory Tech Lab  
  114  10:17  SCV x2  
  114  10:19  Viking x2  
  120  10:22  SCV  
  120  10:26  Hellion  
  120  10:27  Hellion  
  125  10:32  Factory  
  125  10:34  Factory  
  125  10:39  Terran Vehicle Weapons Level 2  
  125  10:42  Terran Vehicle And Ship Armor Level 2  
  125  11:07  Hellion, Supply Depot x2  
  125  11:09  Supply Depot x2  
  125  11:12  Viking  
  125  11:13  Viking  
  125  11:15  Hellion  
  125  11:16  Siege Tank  
  124  11:18  Siege Tank  
  124  11:19  Siege Tank  
  124  11:22  SCV  
  124  11:23  SCV x2  
  121  11:25  Thor  
  121  11:31  Missile Turret  
  122  11:33  Missile Turret  
  122  11:34  SCV  
  122  11:35  SCV x2, Missile Turret  
  122  11:37  Missile Turret  
  117  11:42  Viking  
  113  11:48  Thor  
  113  11:51  Siege Tank  
  113  11:53  SCV x3  
  125  12:05  SCV x3  
  128  12:14  Thor x2  
  140  12:17  SCV x3  
  143  12:29  SCV, Supply Depot x2  
  146  12:30  SCV x2, Supply Depot  
  146  12:37  Viking x2  
  146  12:41  SCV  
  148  13:05  Terran Vehicle And Ship Armor Level 3, Terran Vehicle Weapons Level 3  
  145  13:07  Viking x2  
  143  13:35  Command Center  
  143  13:37  Viking x2  
  144  13:49  Thor x3  
  144  13:51  Hellion  
  164  14:01  Missile Turret  
  164  14:11  Viking  
  164  14:12  Viking  
  164  14:16  Command Center  
  168  14:22  Missile Turret  
  168  14:41  Thor x3  
  168  14:43  Hellion  
  168  14:44  Hellion  
  181  14:46  Thor  
  181  14:47  Hellion  
  187  15:07  Planetary Fortress  
  187  15:11  Hellion x4  
  189  15:24  Siege Tank x2  
  189  15:27  Siege Tank  
  198  15:28  Orbital Command  
  198  15:29  Hellion  
  169  15:51  Siege Tank  
  169  15:52  Factory Tech Lab x2  
  169  15:54  Hellion x2  
  169  15:55  SCV  
  169  15:56  SCV x3, Siege Tank x2  
  172  15:59  Siege Tank  
  173  16:07  SCV  
  173  16:08  SCV x3  
  177  16:12  SCV  
  177  16:15  Hellion  
  177  16:16  Hellion  
  182  16:20  SCV x4  
  182  16:23  Siege Tank x2  
  182  16:24  SCV  
  191  16:32  SCV  
  192  16:33  Refinery  
  192  16:35  Refinery  
  192  16:36  SCV  
  192  16:37  Hellion  
  181  16:44  SCV  
  176  16:48  SCV  
  163  16:55  Siege Tank x2  
  163  16:56  SCV, Siege Tank  
  163  16:57  Hellion x2  
  163  16:58  SCV  
  163  16:59  SCV x2  
  163  17:00  SCV  
  169  17:05  Viking  
  169  17:06  Viking  
  169  17:08  Refinery, SCV  
  169  17:09  Refinery  
  169  17:10  SCV  
  147  17:33  Thor x2  
  159  17:45  Hellion  
  159  17:46  Hellion x2  
  160  18:03  Thor, Viking x2  
  160  18:04  Thor  
  173  18:07  Hellion x2  
  177  18:18  Siege Tank x2  
  183  18:21  Terran Ship Weapons Level 1  
  183  18:28  Hellion x2  
  183  18:33  Viking  
  182  18:49  Hellion  
  182  18:50  Hellion  
  182  18:51  Siege Tank  
  182  18:52  Thor, Siege Tank  
  198  19:00  Viking  
  182  19:39  Thor x2  
  182  19:40  Thor  
  198  19:55  Hellion  
  172  20:38  Viking  
  172  20:39  Viking  
  169  20:49  Thor x3, Siege Tank x3  
  178  20:51  Hellion  
  178  20:52  Hellion  
  189  21:08  Viking  
  189  21:09  Viking  
  193  21:13  Hellion  
  195  21:29  Hellion  
  191  21:34  Hellion  
  191  21:38  Liberator  
  196  22:02  Hellion  
  196  22:07  Hellion  
  196  22:28  Command Center  
  196  22:32  Hellion  
  196  22:35  Liberator  
  195  22:43  Thor  
  195  22:44  Thor x4  
  184  23:06  Viking  
  184  23:12  Thor  
  192  23:18  Viking  
  191  23:26  Thor  
  193  23:31  Thor  
  189  23:36  Viking  
  185  23:45  Refinery, Orbital Command  
  185  23:48  Viking  
  190  24:06  Viking  
  178  24:15  Hellion x2  
Show
View Real Time Build Order
Export as new Build Order

WolfFire Zerg - Winner!

Build Orders: Hatch First 

Get SALT Encoding   

  12  0:02  Drone  
  13  0:13  Overlord  
  13  0:18  Drone  
  13  0:21  Extractor  
  13  0:23  Drone  
  15  0:31  Drone  
  16  0:36  Drone  
  17  0:54  Hatchery  
  17  0:56  Drone  
  17  1:00  Drone  
  18  1:10  Extractor  
  17  1:16  Spawning Pool  
  16  1:19  Drone  
  16  1:22  Drone  
  18  1:28  Drone  
  19  1:59  Drone  
  19  2:00  Drone x2  
  22  2:06  Queen, Zergling x2  
  25  2:15  Spine Crawler  
  24  2:22  Spine Crawler  
  23  2:28  Spine Crawler  
  22  2:36  Drone x2  
  25  3:08  Hatchery  
  25  3:10  Extractor  
  25  3:12  Roach Warren  
  22  3:18  Overlord x2  
  22  3:21  Lair  
  20  4:05  Drone x3  
  23  4:23  Queen  
  23  4:24  Drone  
  26  4:26  Queen  
  28  4:32  Hatchery  
  28  4:33  Glial Reconstitution  
  27  4:45  Drone  
  28  4:49  Drone x3  
  28  4:51  Drone  
  32  5:05  Evolution Chamber  
  32  5:06  Evolution Chamber  
  30  5:09  Drone  
  30  5:10  Drone x2  
  30  5:12  Drone  
  34  5:23  Roach x2  
  34  5:27  Roach  
  40  5:33  Drone x3  
  43  5:38  Drone  
  43  5:40  Overlord  
  44  5:47  Drone x3  
  44  5:48  Drone  
  48  5:51  Drone  
  49  6:00  Zerg Missile Weapons Level 1  
  49  6:02  Zerg Ground Armor Level 1  
  49  6:09  Roach x2  
  49  6:10  Roach  
  55  6:17  Overlord x2  
  55  6:22  Roach  
  55  6:24  Overseer  
  57  6:26  Pneumatized Carapace  
  57  6:35  Overlord x3  
  57  6:40  Queen  
  59  6:51  Roach  
  59  6:52  Roach x3  
  67  7:04  Drone  
  67  7:05  Drone x8  
  75  7:15  Burrow  
  75  7:16  Roach  
  75  7:17  Roach x2  
  75  7:18  Roach  
  83  7:24  Spore Crawler  
  83  7:25  Spore Crawler  
  83  7:26  Spore Crawler  
  80  7:33  Spore Crawler  
  80  7:34  Spore Crawler  
  80  7:36  Spore Crawler  
  77  7:38  Spore Crawler  
  77  7:40  Spore Crawler  
  77  7:42  Spore Crawler  
  74  7:45  Drone  
  74  7:46  Drone x2  
  74  7:49  Drone x2  
  74  7:50  Drone  
  80  7:53  Overlord  
  80  7:56  Overlord  
  80  8:09  Roach  
  80  8:10  Roach x4  
  90  8:16  Roach x3  
  90  8:17  Roach  
  98  8:35  Drone, Hydralisk Den  
  98  8:36  Drone x6  
  104  8:49  Queen  
  104  8:53  Overlord x3  
  104  8:55  Roach x4  
  112  8:59  Zerg Missile Weapons Level 2  
  112  9:01  Zerg Ground Armor Level 2  
  112  9:07  Extractor x2, Overlord x2  
  88  9:17  Roach  
  88  9:18  Roach x4  
  74  9:33  Roach x3  
  64  9:48  Roach x5  
  64  9:49  Roach x3  
  68  10:06  Drone  
  68  10:07  Drone x7  
  69  10:08  Drone x2  
  76  10:18  Queen  
  78  10:21  Muscular Augments  
  78  10:32  Spire  
  77  10:36  Extractor  
  77  10:38  Extractor  
  77  10:40  Drone  
  77  10:41  Drone x2  
  78  10:46  Nydus Network  
  78  11:10  Overlord x4  
  78  11:25  Overseer  
  78  11:32  Drone x2, Grooved Spines  
  80  11:33  Drone x2, Hydralisk x6  
  80  11:34  Hydralisk x5  
  104  11:41  Drone  
  104  11:44  Drone  
  104  11:45  Overlord  
  104  11:46  Overlord x3  
  106  12:17  Hydralisk x13  
  132  12:37  Hydralisk x3  
  130  13:07  Overlord x4  
  130  13:08  Overlord  
  120  13:27  Hydralisk  
  120  13:28  Hydralisk x13  
  140  13:34  Hydralisk  
  140  13:45  Hydralisk x7  
  150  13:49  Overseer  
  150  13:50  Overseer x2  
  150  13:57  Hydralisk, Overlord  
  150  13:58  Hydralisk  
  152  14:29  Hydralisk  
  152  14:30  Hydralisk x4  
  140  15:17  Hydralisk x7  
  128  15:32  Hydralisk  
  128  15:33  Hydralisk x11  
  110  15:45  Hydralisk x3  
  112  15:55  Hydralisk x3  
  108  16:15  Queen  
  110  16:21  Hydralisk  
  110  16:22  Hydralisk x5  
  122  16:36  Hatchery  
  122  16:39  Hatchery  
  120  16:44  Hydralisk x9  
  120  16:45  Hydralisk x3  
  130  16:49  Hydralisk  
  130  16:50  Hydralisk  
  124  16:59  Hydralisk x2  
  114  17:08  Hydralisk x2  
  114  17:09  Hydralisk  
  120  17:22  Hydralisk x3  
  116  17:44  Hydralisk x5  
  118  18:10  Hydralisk  
  118  18:11  Hydralisk x5  
  124  18:25  Hydralisk  
  120  18:33  Hydralisk x3  
  120  18:34  Hydralisk x3  
  116  18:36  Hydralisk  
  122  18:49  Hydralisk  
  122  18:50  Hydralisk x3  
  116  18:59  Hydralisk x3  
  116  19:09  Hydralisk x2  
  88  19:10  Hydralisk  
  55  19:44  Hydralisk x4  
  63  19:54  Spore Crawler  
  56  20:05  Hydralisk x4  
  48  20:34  Hatchery  
  47  20:49  Hydralisk x5  
  49  20:55  Hydralisk  
  49  20:56  Hydralisk x3  
  65  21:29  Hatchery  
  65  21:30  Hydralisk  
  66  21:45  Hydralisk x2  
  66  21:46  Hydralisk x4  
  64  21:59  Hydralisk  
  67  22:17  Hydralisk x2  
  66  22:36  Hydralisk x2  
  64  22:49  Hydralisk  
  64  22:50  Hydralisk  
  42  23:14  Drone  
  42  23:15  Drone x8, Extractor x2  
  41  23:50  Hatchery  
  41  23:52  Hydralisk  
  38  24:04  Hydralisk  
Show
View Real Time Build Order
Export as new Build Order

qqq Protoss 

Build Orders: Cannon Rush, Carriers 

Get SALT Encoding   

  12  0:00  Probe  
  13  0:15  Pylon  
  13  0:35  Probe  
  14  0:40  Forge  
  14  0:47  Probe  
  15  0:54  Pylon  
  15  1:06  Pylon  
  15  1:08  Pylon  
  15  1:17  Photon Cannon  
  15  1:29  Photon Cannon  
  15  1:42  Photon Cannon  
  15  2:03  Photon Cannon  
  15  2:12  Gateway  
  15  2:21  Probe  
  16  2:24  Pylon  
  16  2:35  Probe  
  17  2:47  Probe  
  18  3:01  Photon Cannon  
  18  3:05  Probe  
  19  3:06  Zealot (Chrono Boost)  
  19  3:11  Cybernetics Core  
  21  3:25  Zealot  
  23  3:39  Assimilator  
  23  3:52  Photon Cannon  
  23  3:59  Probe (Chrono Boost)  
  23  4:01  Assimilator  
  24  4:08  Probe (Chrono Boost)  
  24  4:13  Probe (Chrono Boost)  
  21  4:25  Probe  
  21  4:31  Nexus  
  22  4:37  Probe (Chrono Boost)  
  22  4:44  Pylon  
  22  4:47  Probe (Chrono Boost)  
  22  4:52  Probe (Chrono Boost)  
  24  5:03  Probe  
  24  5:06  Stargate  
  25  5:17  Stargate  
  25  5:24  Probe  
  26  5:37  Probe (Chrono Boost)  
  27  5:43  Probe (Chrono Boost)  
  27  5:49  Probe (Chrono Boost)  
  31  5:52  Probe (Chrono Boost)  
  31  5:54  Phoenix (Chrono Boost)  
  31  5:55  Probe (Chrono Boost)  
  33  5:57  Probe (Chrono Boost)  
  33  6:03  Probe  
  35  6:04  Phoenix (Chrono Boost)  
  35  6:09  Probe  
  38  6:12  Assimilator  
  38  6:15  Probe  
  38  6:17  Assimilator  
  39  6:21  Probe, Phoenix  
  42  6:27  Probe  
  43  6:33  Probe  
  43  6:36  Phoenix (Chrono Boost)  
  43  6:39  Probe  
  47  6:45  Probe  
  50  6:52  Phoenix (Chrono Boost)  
  50  6:59  Phoenix (Chrono Boost)  
  52  7:11  Phoenix (Chrono Boost)  
  50  7:38  Phoenix x2  
  52  7:51  Pylon  
  52  7:53  Pylon  
  52  7:58  Probe  
  54  8:03  Phoenix x2  
  53  8:10  Probe  
  53  8:11  Nexus  
  58  8:14  Pylon  
  58  8:17  Pylon  
  58  8:20  Pylon  
  58  8:22  Probe, Pylon, Protoss Air Weapons Level 1 (Chrono Boost)  
  58  8:24  Pylon  
  59  8:37  Phoenix x2  
  63  9:02  Phoenix x2  
  67  9:10  Photon Cannon  
  67  9:13  Photon Cannon  
  67  9:34  Phoenix x2  
  71  9:40  Fleet Beacon x2  
  71  9:43  Pylon  
  71  9:46  Probe, Pylon  
  71  9:49  Photon Cannon  
  72  9:58  Probe  
  73  10:06  Phoenix x2  
  75  10:10  Probe  
  76  10:22  Probe  
  77  10:30  Tempest  
  77  10:31  Tempest, Anion Pulse-Crystals  
  77  10:34  Probe  
  88  10:45  Nexus  
  88  10:46  Probe  
  89  10:58  Probe  
  78  11:49  Carrier x2  
  90  11:58  Probe  
  92  12:01  Probe  
  92  12:04  Pylon  
  92  12:07  Pylon  
  92  12:09  Stargate x2  
  92  12:10  Probe  
  92  12:14  Probe (Chrono Boost)  
  94  12:19  Assimilator  
  94  12:22  Probe (Chrono Boost)  
  94  12:23  Assimilator  
  94  12:24  Protoss Air Armor Level 1 (Chrono Boost)  
  94  12:28  Photon Cannon  
  96  12:31  Probe (Chrono Boost)  
  96  12:32  Photon Cannon  
  96  12:33  Probe (Chrono Boost)  
  97  12:38  Probe x2 (Chrono Boost)  
  97  12:41  Nexus  
  99  12:44  Pylon  
  99  12:48  Pylon  
  99  12:49  Probe x2  
  97  13:01  Probe  
  97  13:02  Probe  
  99  13:07  Tempest  
  99  13:08  Carrier  
  99  13:09  Tempest  
  115  13:14  Probe  
  112  13:31  Carrier  
  112  13:34  Probe x2  
  112  13:46  Probe x2  
  112  13:50  Photon Cannon  
  112  13:53  Photon Cannon  
  112  13:56  Photon Cannon  
  112  13:58  Probe x2  
  112  13:59  Shield Battery, Assimilator  
  114  14:03  Assimilator  
  114  14:04  Photon Cannon  
  114  14:07  Probe  
  114  14:08  Photon Cannon  
  115  14:10  Probe x2, Assimilator  
  115  14:13  Carrier x2  
  115  14:16  Assimilator  
  129  14:19  Probe  
  129  14:22  Probe x2  
  132  14:28  Protoss Air Weapons Level 2 (Chrono Boost)  
  133  14:31  Probe  
  133  14:34  Probe x2  
  135  14:43  Probe  
  136  14:46  Probe  
  136  14:53  Photon Cannon  
  136  14:54  Photon Cannon  
  136  14:55  Probe  
  117  15:17  Carrier x3  
  135  15:40  Carrier  
  119  16:04  Probe x2  
  121  16:16  Probe x2  
  121  16:17  Gateway  
  123  16:19  Nexus  
  123  16:20  Gateway  
  123  16:21  Tempest, Carrier  
  123  16:22  Photon Cannon, Gateway  
  123  16:24  Twilight Council  
  123  16:25  Photon Cannon  
  134  16:28  Probe x2, Photon Cannon  
  134  16:32  Photon Cannon, Carrier  
  135  16:40  Probe  
  135  16:44  Carrier  
  141  16:54  Pylon  
  141  16:57  Pylon  
  141  17:07  Carrier  
  141  17:21  Pylon  
  141  17:25  Carrier  
  123  17:48  Zealot x3  
  123  17:50  Charge  
  129  17:53  Probe  
  129  17:58  Probe  
  131  18:05  Probe  
  133  18:15  Carrier, Zealot x2  
  133  18:16  Zealot  
  133  18:17  Probe  
  124  18:58  Carrier  
  124  19:13  Nexus  
  124  19:32  Zealot x2  
  124  19:33  Zealot  
  124  19:34  Tempest  
  135  19:46  Tempest  
  140  19:59  Zealot  
  100  20:39  Tempest, Carrier  
  100  20:41  Zealot x3  
  117  20:55  Nexus  
  117  21:08  Zealot x3  
  123  21:25  Robotics Facility  
  123  21:30  Carrier  
  129  21:35  Zealot  
  129  21:36  Sentry x2  
  135  22:02  Sentry x2  
  135  22:03  Nexus, Sentry  
  141  22:11  Carrier  
  147  22:26  Probe  
  148  22:32  Forge  
  148  22:35  Pylon  
  148  22:37  Pylon  
  148  22:38  Probe  
  148  22:41  Observer  
  150  22:51  Probe  
  151  23:03  Probe  
  112  23:15  Probe  
  112  23:16  Zealot  
  121  23:26  Tempest x2  
  106  23:40  Probe x2  
  108  23:50  Zealot x2  
  108  23:52  Probe x2  
  107  24:04  Probe x2  
  87  24:16  Probe x2  
Show
View Real Time Build Order
Export as new Build Order

Massa Terran 

Build Orders: Reaper Expand 

Get SALT Encoding   

  12  0:01  SCV  
  13  0:13  SCV  
  14  0:20  Supply Depot  
  14  0:25  SCV  
  15  0:42  SCV  
  16  0:43  Barracks  
  16  0:50  Refinery  
  16  0:54  SCV  
  17  1:06  SCV  
  18  1:18  SCV  
  20  1:34  Orbital Command  
  20  1:37  Command Center  
  19  1:53  Reaper  
  20  1:54  Supply Depot  
  20  2:02  SCV  
  21  2:09  Barracks  
  21  2:15  SCV  
  22  2:22  Barracks  
  22  2:27  SCV  
  22  2:29  Barracks Tech Lab  
  23  2:36  Refinery  
  23  2:39  SCV  
  23  2:42  Factory  
  24  2:47  Marine  
  25  2:52  SCV  
  25  2:58  SCV  
  27  2:59  Marine  
  27  3:04  SCV  
  27  3:05  Marine  
  29  3:11  Orbital Command  
  30  3:13  Marine  
  30  3:17  Marine  
  32  3:26  Factory Tech Lab  
  32  3:33  Stimpack  
  32  3:34  Marauder, Marine  
  34  3:36  Marine  
  34  3:41  SCV  
  37  3:50  SCV  
  37  3:51  Marine  
  37  3:53  SCV, Marine  
  37  3:55  Marauder  
  43  3:56  Siege Tank  
  46  4:05  Supply Depot  
  46  4:09  Supply Depot  
  46  4:26  SCV x2, Marauder, Marine x2  
  46  4:27  Engineering Bay  
  52  4:38  SCV x2  
  54  4:46  Starport  
  54  4:49  Supply Depot  
  54  4:53  Missile Turret  
  54  4:58  Missile Turret  
  54  4:59  Siege Tank  
  57  5:00  Marauder, Marine x2  
  57  5:02  SCV  
  61  5:18  Marine x2  
  61  5:22  Marauder  
  55  5:38  Marine x2  
  56  5:43  Marauder  
  56  5:47  Combat Shield  
  56  5:49  Siege Tank  
  61  5:56  Refinery, Marine x2  
  61  5:57  Refinery, SCV x2  
  65  6:01  Command Center  
  65  6:04  Marauder  
  65  6:09  SCV x2  
  69  6:22  SCV, Missile Turret  
  70  6:27  SCV  
  70  6:31  Supply Depot  
  70  6:32  Supply Depot x2  
  68  6:34  SCV  
  68  6:36  Marine  
  70  6:52  SCV x2, Marine, Medivac  
  70  6:53  Marauder, Siege Tank  
  70  6:54  Supply Depot  
  80  6:55  Supply Depot  
  80  6:56  Terran Infantry Weapons Level 1, Supply Depot  
  79  7:05  SCV x2  
  80  7:14  Marauder  
  82  7:20  Marine x2  
  84  7:36  Marauder  
  86  7:37  Marine  
  86  7:38  Marine  
  88  7:47  Supply Depot  
  88  7:48  Supply Depot  
  88  7:53  SCV x2, Command Center  
  88  7:55  Marine  
  88  7:57  Marauder  
  93  8:05  SCV x2  
  95  8:06  Armory, Engineering Bay  
  95  8:18  Marauder  
  97  8:31  Marine x2  
  99  8:40  Marauder  
  101  8:43  Planetary Fortress  
  101  8:44  Barracks  
  101  8:46  Barracks x2  
  101  8:47  Barracks  
  101  8:48  SCV x2, Missile Turret  
  103  8:49  Marine  
  103  8:55  Command Center  
  104  9:00  SCV x2  
  104  9:01  Marauder  
  108  9:11  Missile Turret  
  108  9:12  SCV  
  97  9:26  Marauder, Marine x2  
  91  9:32  Missile Turret  
  90  9:41  Medivac  
  89  9:48  Marauder  
  89  9:53  Missile Turret  
  77  10:08  Barracks Reactor x2  
  77  10:09  Marauder  
  77  10:10  Barracks Reactor x2, Barracks Tech Lab x2  
  81  10:18  Starport Reactor  
  79  10:30  Refinery  
  79  10:31  Marauder  
  79  10:32  Refinery  
  81  10:40  Siege Tank  
  81  10:41  Smart Servos  
  84  10:52  Marauder  
  84  10:53  Marauder x2, Marine x5  
  84  10:54  Marine x3  
  84  10:56  Terran Infantry Weapons Level 2  
  98  10:57  Terran Infantry Armor Level 1  
  98  10:58  Terran Vehicle Weapons Level 1  
  98  11:03  Supply Depot x3  
  98  11:04  Supply Depot x2  
  98  11:05  Supply Depot x2  
  98  11:07  Medivac  
  98  11:08  Sensor Tower  
  98  11:11  Marine x5  
  101  11:12  Marine x2, Siege Tank  
  101  11:13  Marauder  
  101  11:14  Marauder x2  
  101  11:17  SCV x4  
  120  11:27  Marine, Supply Depot  
  120  11:28  Marine, Supply Depot  
  120  11:29  SCV, Supply Depot  
  120  11:30  Supply Depot  
  123  11:35  Marauder x2, Missile Turret  
  123  11:36  Marauder  
  129  11:44  Siege Tank  
  132  11:48  Factory  
  132  11:52  Factory  
  132  11:57  Missile Turret  
  132  12:18  Missile Turret  
  132  12:36  Siege Tank  
  132  12:37  Factory Tech Lab x2  
  132  12:40  Missile Turret  
  132  12:41  Medivac x2  
  136  12:49  Planetary Fortress  
  136  12:51  Orbital Command  
  123  13:06  Marauder x3, Marine  
  123  13:07  Marine x7  
  123  13:08  Siege Tank  
  123  13:10  Terran Infantry Armor Level 2  
  123  13:11  Medivac  
  142  13:24  Marine  
  142  13:25  Marine x7  
  147  13:27  Marine x2  
  147  13:28  Marauder  
  151  13:40  Siege Tank  
  154  13:42  Marine  
  155  13:51  Refinery  
  155  13:52  Refinery  
  155  13:55  Terran Vehicle Weapons Level 2  
  155  14:00  Marauder x3  
  155  14:01  Marine x6  
  155  14:02  Marine x2  
  167  14:19  Marine  
  167  14:21  Marauder  
  167  14:22  Marauder x2  
  174  14:28  SCV x4  
  174  15:18  Marauder x3, Marine x2  
  174  15:19  Marine x4  
  180  15:39  Marauder  
  180  15:40  Marauder x2  
  129  15:52  Siege Tank x3  
  129  15:54  Marine x8  
  115  15:58  Medivac x2  
  115  16:01  Marauder x3  
  117  16:09  Missile Turret  
  117  16:11  Marine, Missile Turret  
  117  16:12  Marine x3  
  117  16:17  Drilling Claws  
  121  16:20  Terran Vehicle Weapons Level 3  
  121  16:22  Marauder x3  
  121  16:24  Siege Tank x3  
  136  16:28  Medivac x2  
  136  16:30  Missile Turret  
  140  16:32  Missile Turret  
  129  16:40  Marine x5  
  129  16:41  Marine x3  
  129  16:43  Marauder  
  129  16:44  Marauder x2  
  133  16:58  Marine x8  
  133  17:01  Siege Tank x3  
  127  17:05  Marauder x3  
  129  17:16  Marine x2  
  120  17:26  Marauder, Marine x6  
  120  17:27  Marauder x2  
  129  17:33  Marine, Siege Tank x2  
  129  17:34  Marine  
  110  17:44  Marine x6  
  110  17:47  Marauder  
  110  17:48  Marauder x2  
  119  17:51  Marine  
  119  17:52  Marine  
  118  18:01  Marine  
  118  18:02  Marine x3  
  123  18:05  SCV  
  123  18:09  Marauder x3  
  129  18:15  Sensor Tower  
  129  18:17  SCV  
  130  18:21  Thor  
  130  18:24  Siege Tank x2  
  142  18:29  SCV  
  142  18:30  Marauder  
  142  18:31  Marauder x2  
  141  18:42  SCV  
  141  18:45  Marine x2  
  141  18:46  Marine  
  119  18:52  Marauder x3  
  119  18:54  SCV  
  112  19:06  Medivac x2  
  116  19:13  Marauder  
  116  19:14  Marauder x2  
  113  19:27  SCV  
  113  19:28  SCV x2  
  116  19:34  Marauder  
  116  19:35  Marauder x2  
  116  19:36  Medivac x2  
  95  19:40  SCV  
  83  19:56  Marauder x3  
  88  20:14  Orbital Command  
  88  20:17  Marauder  
  90  21:18  Refinery  
  90  21:23  Sensor Tower  
  89  22:20  Orbital Command  
  67  22:48  Marauder x3, Marine x2  
  67  22:49  Marine x2  
  67  22:50  Marine  
  59  23:09  Marauder x3  
  59  23:11  Siege Tank  
  68  23:19  Siege Tank  
  64  23:30  Marauder x2  
  62  23:37  Marauder  
  61  23:52  Marauder  
  35  24:14  Marauder  
  25  24:17  Widow Mine  
Tags
 
Add a new tag
Caveats
  • Supply blocks, unpowered buildings, or Contaminate may cause inaccurate times.
  • Supply counts are checked every 10 seconds.